 Dungeon Crawl Stone Soup version 0.31-a0-819-gf6de2f5ab6 (webtiles) character file.

Game seed: 12238198996435044717

151 qw the Shooter (level 5, -6/32 HPs)
             Began as a Gargoyle Hunter on Sept 23, 2023.
             Mangled by Grinder (7 damage)
             ... on level 3 of the Dungeon.
             The game lasted 00:00:56 (2142 turns).

qw the Shooter (Gargoyle Hunter)                    Turns: 2142, Time: 00:00:57

Health: -6/32      AC:  9    Str: 14    XL:     5   Next: 33%
Magic:  5/5        EV: 11    Int: 10    God:
Gold:   97         SH:  0    Dex: 15    Spells: 4/4 levels left

rFire   . . .        Y - +0 shortbow
rCold   . . .        (shield currently unavailable)
rNeg    + . .        c - +0 leather armour
rPois   inf          (no helmet)
rElec   +            (no cloak)
rCorr   .            b - +1 pair of gloves
SInv    .            (no boots)
Will    .....        (no amulet)
Stlth   ++           (no ring)
HPRegen 0.25/turn    (no ring)
MPRegen 0.09/turn

%: no passive effects
@: no status effects
A: sickness immunity, AC +4, negative energy resistance 1, electricity
resistance, torment resistance 1, petrification resistance
a: no special abilities


You were on level 3 of the Dungeon.
You visited 1 branch of the dungeon, and saw 3 of its levels.

You collected 97 gold pieces.


Innate Abilities, Weirdness & Mutations

You are immune to sickness and miasma.
Your stone body is resilient. (AC +4)
You are immune to poison.
You resist negative energy. (rN+)
You are resistant to electric shocks. (rElec)
You are resistant to unholy torment.
You are immune to petrification.


   Skills:
 - Level 3.1 Fighting
 - Level 6.0 Ranged Weapons
 + Level 0.4 Armour
 - Level 1.5 Dodging
 - Level 1.1 Stealth


You had 4 spell levels left.
You didn't know any spells.
Your spell library was empty.

Inventory:

Hand Weapons
 Y - a +0 shortbow (weapon)
Armour
 b - a +1 pair of gloves (worn)
 c - a +0 leather armour (worn)
Scrolls
 a - a scroll of immolation {unknown}
 i - a scroll of identify {unknown}
 k - a scroll of blinking {unknown}
 l - a scroll of silence {unknown}
Potions
 d - a potion of brilliance {unknown}
 e - a potion of might {unknown}
 f - a potion of curing
 g - a potion of attraction {unknown}
 h - a potion of berserk rage {unknown}
 j - a potion of enlightenment {unknown}

Dungeon Overview and Level Annotations

Branches:
Dungeon (3/15)

Altars:
Elyvilon
Hepliaklqana

Annotations:
D:3 Grinder


Message History

Grinder gestures at you. You resist with significant effort.
You shoot an arrow.
The arrow hits Grinder but does no damage.
Grinder is heavily wounded.
You shoot an arrow. The arrow barely misses Grinder.
Grinder gestures at you. You resist with significant effort.
You shoot an arrow. The arrow hits Grinder.
Grinder is heavily wounded.
Grinder hits you.
You writhe in agony.
You shoot an arrow. The arrow hits Grinder.
Grinder is heavily wounded.
Grinder gestures at you. You resist with significant effort.
You shoot an arrow. The arrow hits Grinder.
Grinder is heavily wounded.
Grinder gestures at you. Pain shoots through your body!
You shoot an arrow. The arrow hits Grinder.
Grinder is severely wounded.
Grinder barely misses you.
You shoot an arrow. The arrow hits Grinder!
Grinder is almost dead.
Grinder gestures at you.
You barely resist. Grinder hits you.
You shoot an arrow. The arrow hits Grinder.
Grinder is almost dead.
Grinder hits you.
You writhe in agony.
You shoot an arrow. The arrow closely misses Grinder.
Grinder hits you!
You shoot an arrow. The arrow hits Grinder.
Grinder is almost dead.
Grinder hits you.
You writhe in agony.
You shoot an arrow.
The arrow hits Grinder but does no damage.
Grinder is almost dead.
Grinder hits you!
You die...
Grinder says, "Now the real fun starts!"

......# #........###.###.#.#
#.....###.##.#.............###
.......##.##...#.###.###.##..## #
.....)..#.##......##.# #.#....###
........+...............#.......'
........#.##....#.##.###.#....###
.......##.........##.# ####..## #
#.....########.#5###.# ##.#
##...## #..@....# #.# #+##
###.##### #># #.# #.# #.# #. #.#
#.# ..# ###


You could see Grinder.

Vanquished Creatures
  An orc wizard (D:3)
  4 gnolls (D:2)
  3 adders
  A worm (D:2)
  2 dart slugs
  5 orcs (D:3)
  2 bats
  3 endoplasms
  3 giant cockroaches
  A goblin (D:2)
  5 hobgoblins
  3 jackals (D:2)
  3 quokkas
  4 ball pythons
  3 frilled lizards (D:1)
  3 kobolds (D:1)
  5 rats
51 creatures vanquished.

Notes
Turn   | Place    | Note
-------+----------+-------------------------------------------
     0 | D:1      | qw the Gargoyle Hunter began the quest for the Orb.
     0 | D:1      | Reached XP level 1. HP: 12/12 MP: 1/1
     0 | D:1      | 0 ||| qw: Version: 0.3-a-83-gcd0e7d8
     0 | D:1      | 0 ||| qw: Game counter: 1450
     0 | D:1      | 0 ||| qw: Melee chars always use a shield: true
     0 | D:1      | 0 ||| qw: God list: Okawaru
     0 | D:1      | 0 ||| qw: Allow faded altars: false
     0 | D:1      | 0 ||| qw: Do Orc after clearing Dungeon:15 true
     0 | D:1      | 0 ||| qw: Do second Lair branch before Depths: true
     0 | D:1      | 0 ||| qw: Lair rune preference: random
     0 | D:1      | 0 ||| qw: Goals: Normal
     0 | D:1      | 0 ||| PLANNING D:1-11
   153 | D:1      | 153 ||| DROPPING scroll of butterflies.
   166 | D:1      | Reached XP level 2. HP: 17/17 MP: 2/2
   433 | D:1      | 433 ||| UPGRADING to +1 pair of gloves.
   547 | D:2      | HP: 4/17 [worm (9)]
   696 | D:2      | Reached skill level 5 in Ranged Weapons
   696 | D:2      | Reached XP level 3. HP: 14/21 MP: 3/3
  1103 | D:2      | Reached skill level 3 in Fighting
  1103 | D:2      | Reached XP level 4. HP: 27/28 MP: 4/4
  1213 | D:2      | Found a hazy altar of Hepliaklqana.
  1385 | D:2      | 1385 ||| READING 2 scrolls labelled DUIMNO TOI.
  1386 | D:2      | 1386 ||| DRINKING 2 fizzy red potions.
  1387 | D:2      | 1387 ||| DROPPING scroll of noise.
  1524 | D:3      | Found a white marble altar of Elyvilon.
  1567 | D:3      | 1567 ||| FLEEEEING.
  1568 | D:3      | 1568 ||| FLEEEEING.
  1569 | D:3      | 1569 ||| FLEEEEING.
  1570 | D:3      | 1570 ||| FLEEEEING.
  1571 | D:3      | 1571 ||| FLEEEEING.
  1572 | D:3      | 1572 ||| FLEEEEING.
  1573 | D:3      | 1573 ||| FLEEEEING.
  1578 | D:3      | 1578 ||| FLEEEEING.
  1579 | D:3      | 1579 ||| FLEEEEING.
  1580 | D:3      | 1580 ||| FLEEEEING.
  1582 | D:3      | 1582 ||| FLEEEEING.
  1583 | D:3      | 1583 ||| FLEEEEING.
  1584 | D:3      | 1584 ||| FLEEEEING.
  1585 | D:3      | 1585 ||| FLEEEEING.
  1586 | D:3      | 1586 ||| FLEEEEING.
  1587 | D:3      | 1587 ||| FLEEEEING.
  1588 | D:3      | 1588 ||| FLEEEEING.
  1589 | D:3      | 1589 ||| FLEEEEING.
  1600 | D:3      | Reached XP level 5. HP: 24/32 MP: 5/5
  1869 | D:3      | Reached skill level 6 in Ranged Weapons
  2110 | D:3      | Noticed Grinder
  2116 | D:3      | Paralysed by Grinder for 3 turns
  2140 | D:3      | HP: 4/32 [Grinder (9)]
  2141 | D:3      | HP: 1/32 [Grinder (2)]
  2142 | D:3      | Mangled by Grinder

Levels and vault maps discovered:
D:1:      wander_arrival_estate, layout_rooms, minmay_misc_feat_nine_boxes,
          nicolae_the_louvre
D:2:      minmay_door_path, layout_loops_ring, basic_altar
D:3:      layout_loops_corners, elyvilon_altar_1, uniq_grinder

Skill      XL: |  1  2  3  4  5 |
---------------+----------------+-----
Ranged Weapons | 5 6 |  6.0
Fighting       | 3 |  3.1
Armour         | |  0.4
Dodging        | |  1.5
Stealth        | |  1.1

Action                     |  1- 3 |  4- 6 || total
---------------------------+-------+-------++-------
   Fire: Shortbow          |   128 |   110 ||   238
    Use: Scroll            |       |     1 ||     1
         Potion            |       |     1 ||     1
 Armour: Leather armour    |    48 |    40 ||    88
  Dodge: Dodged            |    50 |    18 ||    68

Table legend:
 A = Non-vault XP
 B = Vault XP
 C = Vault XP percentage of total XP
 D = Non-vault monster count
 E = Vault monster count
 F = Vault count percentage of total count
                 A         B        C        D         E       F
            +---------+---------+-------+---------+---------+-------
      Total |     209 |       8 |   3.7 |      48 |       3 |   5.9
            +---------+---------+-------+---------+---------+-------
        D:1 |      24 |       0 |   0.0 |      16 |       0 |   0.0
        D:2 |     100 |       8 |   7.4 |      14 |       3 |  17.6
        D:3 |      85 |       0 |   0.0 |      18 |       0 |   0.0
            +---------+---------+-------+---------+---------+-------
